 Dungeon Crawl Stone Soup version 0.30-a0-883-g5ad918d77d (webtiles) character file.

Game seed: 4840537776846488537

6542 Jeffwins the Firebug (level 11, 0/68 HPs)
             Began as a Human Wanderer on Mar 17, 2023.
             Was an Initiate of Vehumet.
             Succumbed to a killer bee's poison
             ... on level 7 of the Dungeon.
             The game lasted 00:20:52 (9585 turns).

Jeffwins the Firebug (Human Wanderer)               Turns: 9585, Time: 00:20:53

Health: 0/68       AC:  6    Str:  9    XL:     11   Next: 20%
Magic:  16/28      EV: 12    Int: 19    God:    Vehumet [......]
Gold:   476        SH:  0    Dex: 14    Spells: 3/21 levels left

rFire   . . .      SeeInvis .    a - +0 arbalest
rCold   + . .      Faith    .    (shield currently unavailable)
rNeg    . . .      Spirit   .    J - +0 leather armour
rPois   .          Reflect  .    z - +0 helmet
rElec   .          Rampage  .    s - +0 cloak
rCorr   .                        d - +0 pair of gloves
Will    .....                    (no boots)
Stlth   ++                       (no amulet)
HPRegen 0.31/turn                C - ring of protection from cold
MPRegen 0.21/turn                W - ring of magical power

@: lethally poisoned (0 -> -2)
A: no striking features
a: Renounce Religion


You were on level 7 of the Dungeon.
You worshipped Vehumet.
Vehumet was noncommittal.
You visited 2 branches of the dungeon, and saw 9 of its levels.
You also visited: Bailey.

You collected 476 gold pieces.


   Skills:
 * Level 5.7 Ranged Weapons
 + Level 4.3 Throwing
 - Level 1.0 Armour
 - Level 4.0 Dodging
 + Level 4.1 Stealth
 * Level 5.9 Spellcasting
 * Level 6.2 Conjurations
 * Level 4.2 Transmutations
 * Level 6.5 Fire Magic
 * Level 2.3 Ice Magic
 * Level 3.1 Air Magic
 * Level 4.3 Poison Magic
 + Level 4.3 Evocations


You had 3 spell levels left.
You knew the following spells:

 Your Spells              Type           Power      Damage    Failure   Level
b - Fireball              Conj/Fire      14%        3d8       30%         5
f - Freezing Cloud        Conj/Ice/Air   10%        6-21      65%         5
s - Sticky Flame          Conj/Fire      29%        2d5       11%         4
z - Foxfire               Conj/Fire      100%       2x1d9     1%          1
X - Ignite Poison         Fire/Tmut/Pois 24%        N/A       6%          3

Your spell library contained the following spells:

 Spells                   Type           Power      Damage    Failure   Level
 Shock                    Conj/Air       92%        1d8       2%          1
 Vhi's Electric Charge    Tloc/Air       22%        N/A       24%         3
 Portal Projectile        Hex/Tloc       10%        N/A       43%         3
 Airstrike                Air            8%         2d(2-18)  38%         4
 Fulminant Prism          Conj/Hex       8%         3d7       38%         4
 Irradiate                Conj/Tmut      12%        3d15      45%         5
 Silence                  Hex/Air        5%         N/A       92%         5

Inventory:

Hand Weapons
 a - a +0 arbalest (weapon)
 v - a +0 heavy sling
 G - the +9 dagger of Eloeqo Acurph {heavy, rCorr}
   (You found it in a bailey)

   rCorr:     It protects you from acid and corrosion.
Missiles
 h - 11 curare-tipped darts (quivered) {=f}
 A - 12 poisoned darts
Armour
 d - a +0 pair of gloves (worn)
 s - a +0 cloak (worn)
 z - a +0 helmet (worn)
 I - a +1 plate armour of cold resistance
 J - a +0 leather armour (worn)
Magical Staves
 r - a staff of death
 x - a staff of conjuration {!a}
Jewellery
 c - a ring of ice
 C - a ring of protection from cold (left hand)
 F - a ring of fire
 W - a ring of magical power (right hand)
Wands
 p - a wand of light (5)
 q - a wand of roots (2)
 t - a wand of digging (3)
 B - a wand of flame (7)
 K - a wand of mindburst (12)
Scrolls
 j - 3 scrolls of magic mapping
 k - 3 scrolls of vulnerability {!r}
 l - 3 scrolls of enchant armour {unknown}
 m - 2 scrolls of enchant weapon
 n - 6 scrolls of identify {unknown}
 o - 4 scrolls of teleportation {@r4}
 u - a scroll of amnesia {unknown}
 y - 4 scrolls of fog {unknown}
 H - 2 scrolls of blinking
Potions
 b - 3 potions of curing {@q1}
 e - 3 potions of might {unknown}
 f - a potion of flight {unknown}
 g - a potion of attraction {unknown}
 i - a potion of heal wounds {@q2}
 w - 2 potions of lignification {unknown}
 D - 3 potions of haste {unknown}
 E - a potion of magic {unknown}

Dungeon Overview and Level Annotations

Branches:
Dungeon (8/15)             Temple (1/1) D:5          Bailey (visited)
   Lair: D:8-11

Altars:
Ashenzari
Cheibriados
Dithmenos
Fedhas
Hepliaklqana
Kikubaaqudgha
Makhleb
Nemelex Xobeh
Qazlal
Sif Muna
Vehumet
Xom
The Shining One

Shops:
D:7 (

Annotations:
D:3 3 runed translucent doors, pokedragonboy's ghost, amateur NaWr
D:7 Joseph

... ##### .. . .....
######.###.. #####
#.........# . #.........# ..#
.. #.........# ...
...#####..vv@....#.. #....#
(.......[.v@v:.....## #....#
..........ยง####.....###.....
..............#.#...........
...####.......#.#...........
#.......#.............
#.......###.#........#
#.................#.##
#................>....
#..........<......#.##


You could see Joseph (ally target).


Message History

* * * LOW HITPOINT WARNING * * *
Unknown command.
Unknown command.
Unknown command.
Casting: Foxfire (safe; 1% risk of failure)
Confirm with . or Enter, or press ? or * to list all spells.
You conjure some foxfire!
The grasping roots constrict Joseph.
The grasping roots constrict the killer bee.
The grasping roots constrict the killer bee!
You kill the killer bee!
Vehumet accepts your kill.
You feel sick.
The roots release their grip on Joseph.
The roots release their grip on the killer bee.
The killer bee closely misses you. The killer bee stings you.
* * * LOW HITPOINT WARNING * * *
Joseph misses you.
Unknown command.
Casting: Foxfire (safe; 1% risk of failure)
Confirm with . or Enter, or press ? or * to list all spells.
You conjure some foxfire!
You feel sick.
The foxfire hits the killer bee.
You kill the killer bee!
Vehumet accepts your kill.
The foxfire hits Joseph.
Joseph is almost dead.
Joseph hits you with a +0 quarterstaff!
* * * LOW HITPOINT WARNING * * *
Casting: Foxfire (safe; 1% risk of failure)
Confirm with . or Enter, or press ? or * to list all spells.
You conjure some foxfire!
You die...

Skill      XL: |  1  2  3  4  5  6  7  8  9 10 11 |
---------------+----------------------------------+-----
Conjurations   | 1 2 3 4 5 6 |  6.2
Fire Magic     | 2 3 4 5 6 |  6.5
Spellcasting   | 2 3 4 5 |  5.9
Throwing       | 1 2 3 4 |  4.3
Ranged Weapons | 1 2 3 4 5 |  5.7
Evocations     | 2 3 4 |  4.3
Stealth        | 1 2 3 4 |  4.1
Transmutations | 3 4 |  4.2
Poison Magic   | 3 4 |  4.3
Ice Magic      | 1 2 |  2.3
Air Magic      | 3 |  3.1
Armour         | |  1.0
Dodging        | |  4.0

Action                     |  1- 3 |  4- 6 |  7- 9 | 10-12 || total
---------------------------+-------+-------+-------+-------++-------
  Melee: Dagger            |    56 |    20 |       |       ||    76
         Punch             |     1 |     1 |       |       ||     2
   Fire: Arbalest          |       |    49 |    23 |     9 ||    81
  Throw: Dart              |       |       |    11 |     5 ||    16
   Cast: Foxfire           |    37 |    92 |   232 |   251 ||   612
         Ignite Poison     |       |       |     3 |     3 ||     6
         Fireball          |       |       |       |     1 ||     1
         Sticky Flame      |       |       |       |     1 ||     1
  Evoke: Wand              |       |     2 |    10 |     6 ||    18
    Use: Scroll            |     5 |       |     1 |     2 ||     8
         Potion            |       |     1 |       |     2 ||     3
 Armour: Robe              |     2 |       |       |       ||     2
         Leather armour    |    11 |    35 |    23 |    13 ||    82
  Dodge: Dodged            |    61 |    68 |    58 |    49 ||   236

Levels and vault maps discovered:
D:1:      psy_arrival_radial02, layout_rooms, kennysheep_minor_cross
D:2:      layout_loops_cross, minmay_misc_feat_roman, uniq_crazy_yiuf_cottage,
          uniq_natasha
D:3:      layout_loops_cross, nicolae_overflow_crystal_walls,
          gammafunk_ghost_split, minmay_strange_pillars,
          chequers_serial_rivers_room_a, amcnicky_mini_rare_corridor_liquid,
          st_stairs_9, cheibrodos_gnoll_hut
D:4:      layout_cave_pools, ashenzari_altar_1,
          nicolae_concentric_dashed_squares_mild
D:5:      layout_basic, minmay_temple_entry_mist
D:6:      layout_cave_pods, minmay_crystal_water
D:7:      layout_basic, serial_shops, nicolae_shop_hallway_stairs,
          uniq_prince_ribbit1, uniq_joseph
D:8:      layout_cave_pools, kennysheep_mini, enter_bailey_3
Temple:   hellmonk_temple_of_storms

Notes
Turn   | Place    | Note
-------+----------+-------------------------------------------
     0 | D:1      | Jeffwins the Human Wanderer began the quest for the Orb.
     0 | D:1      | Jeffwins set off with the following items: a +0 dagger, a
                  | potion of heal wounds {@q2}, a +0 robe, a +0 pair of
                  | gloves; and the following spells available to memorise:
                  | Shock, Foxfire, Vhi's Electric Charge, Ignite Poison,
                  | Airstrike.
     0 | D:1      | Reached XP level 1. HP: 13/13 MP: 2/2
     2 | D:1      | Learned a level 1 spell: Foxfire
   128 | D:1      | Reached XP level 2. HP: 19/19 MP: 0/3
   379 | D:1      | Reached skill level 1 in Conjurations
   837 | D:1      | Reached XP level 3. HP: 24/24 MP: 1/5
  1266 | D:2      | Reached skill level 2 in Fire Magic
  1360 | D:2      | Reached skill level 2 in Spellcasting
  1360 | D:2      | Reached XP level 4. HP: 18/30 MP: 1/7
  2021 | D:2      | Noticed Natasha
  2031 | D:2      | Killed Natasha
  2032 | D:2      | Reached skill level 1 in Throwing
  2032 | D:2      | Reached skill level 2 in Conjurations
  2032 | D:2      | Reached XP level 5. HP: 35/35 MP: 8/8
  2225 | D:2      | Found a runed translucent door.
  2226 | D:2      | Noticed Crazy Yiuf
  2415 | D:2      | Killed Crazy Yiuf
  2568 | D:3      | Found a runed translucent gate.
  2568 | D:3      | Noticed an ogre
  2569 | D:3      | Found a runed translucent gate.
  2569 | D:3      | Found a runed translucent gate.
  2569 | D:3      | Noticed pokedragonboy's ghost (amateur NaWr)
  2721 | D:3      | Reached XP level 6. HP: 41/41 MP: 9/9
  2881 | D:3      | Reached skill level 3 in Fire Magic
  2886 | D:3      | Reached skill level 1 in Ranged Weapons
  3119 | D:3      | Found a shimmering altar of Xom.
  3704 | D:4      | Reached skill level 3 in Spellcasting
  3741 | D:4      | Reached XP level 7. HP: 46/46 MP: 7/11
  3879 | D:4      | Found a broken altar of Ashenzari.
  3888 | D:4      | Noticed a water moccasin
  3895 | D:4      | Killed a water moccasin
  3896 | D:4      | Reached skill level 2 in Throwing
  3896 | D:4      | Reached skill level 3 in Conjurations
  3896 | D:4      | Reached skill level 2 in Evocations
  4173 | D:4      | Reached skill level 2 in Ranged Weapons
  4173 | D:4      | Reached skill level 1 in Stealth
  4681 | D:5      | Entered Level 5 of the Dungeon
  4778 | D:5      | Reached XP level 8. HP: 37/52 MP: 6/13
  4888 | D:5      | You fall into a shaft and drop 3 floors!
  4898 | D:8      | Reached skill level 4 in Fire Magic
  5019 | D:8      | Reached skill level 3 in Ranged Weapons
  5019 | D:8      | Reached skill level 2 in Stealth
  5019 | D:8      | Reached skill level 4 in Spellcasting
  5019 | D:8      | Reached skill level 4 in Conjurations
  5023 | D:8      | Noticed a shadow
  5035 | D:8      | Killed a shadow
  5103 | D:8      | Found a flagged portal.
  5199 | Bailey   | Entered a bailey
  5204 | Bailey   | Learned a level 3 spell: Ignite Poison
  5312 | Bailey   | Reached skill level 3 in Throwing
  5312 | Bailey   | Reached skill level 3 in Evocations
  5312 | Bailey   | Reached XP level 9. HP: 20/57 MP: 15/15
  5370 | Bailey   | HP: 5/57 [orc warrior/+0 battleaxe (9)]
  5372 | Bailey   | Reached skill level 1 in Transmutations
  5372 | Bailey   | Reached skill level 1 in Poison Magic
  5656 | Bailey   | Reached skill level 4 in Ranged Weapons
  5656 | Bailey   | Reached skill level 5 in Fire Magic
  6000 | Bailey   | Reached skill level 3 in Stealth
  6034 | Bailey   | Noticed an orc high priest
  6042 | Bailey   | Killed an orc high priest
  6043 | Bailey   | Reached skill level 5 in Conjurations
  6043 | Bailey   | Reached skill level 2 in Transmutations
  6043 | Bailey   | Reached skill level 2 in Poison Magic
  6100 | Bailey   | Found an iron altar of Okawaru.
  6100 | Bailey   | Noticed an orc high priest
  6107 | Bailey   | Noticed an ice devil
  6111 | Bailey   | Reached skill level 5 in Spellcasting
  6112 | Bailey   | Killed an orc high priest
  6113 | Bailey   | Reached skill level 3 in Transmutations
  6113 | Bailey   | Reached skill level 3 in Poison Magic
  6113 | Bailey   | Reached XP level 10. HP: 25/63 MP: 17/17
  6223 | Bailey   | Noticed an orc knight
  6229 | Bailey   | Killed an orc knight
  6230 | Bailey   | Reached skill level 5 in Ranged Weapons
  6295 | Bailey   | Got the Compilation of the Hexing Salamander
  6333 | Bailey   | Identified the +9 dagger of Eloeqo Acurph {heavy, rCorr}
  6431 | Bailey   | Reached skill level 6 in Fire Magic
  6750 | D:8      | Acquired the Quarto of Breezy Energy
  6758 | D:8      | Learned a level 5 spell: Freezing Cloud
  6817 | D:8      | Reached skill level 4 in Throwing
  7042 | D:8      | Reached skill level 4 in Evocations
  7053 | D:8      | HP: 5/53 [gnoll sergeant/+0 spear (9)]
  7061 | D:8      | Reached skill level 1 in Ice Magic
  7239 | D:8      | Reached skill level 4 in Stealth
  7457 | D:8      | Found a glowing golden altar of the Shining One.
  7546 | D:6      | Reached skill level 6 in Conjurations
  7721 | D:5      | Found a staircase to the Ecumenical Temple.
  7732 | Temple   | Entered the Ecumenical Temple
  7747 | Temple   | Became a worshipper of Vehumet
  7897 | D:5      | Reached XP level 11. HP: 68/68 MP: 19/19
  8230 | D:5      | Learned a level 4 spell: Sticky Flame
  8236 | D:5      | Learned a level 5 spell: Fireball
  8341 | D:5      | Reached skill level 4 in Transmutations
  8414 | D:5      | Reached skill level 4 in Poison Magic
  8496 | D:6      | Reached skill level 2 in Ice Magic
  9278 | D:7      | Found Xiplipna's Antique Weapon Boutique.
  9399 | D:7      | Noticed Prince Ribbit
  9406 | D:7      | Killed Prince Ribbit
  9407 | D:7      | Reached skill level 3 in Air Magic
  9572 | D:7      | Noticed Joseph
  9584 | D:7      | HP: 1/68 [Joseph/+0 quarterstaff (13)]
  9585 | D:7      | Succumbed to a killer bee's poison

Vanquished Creatures
  2 orc high priests (Bailey)
  An orc knight (Bailey)
  Prince Ribbit (D:7)
  A shadow (D:8)
  2 steam dragons (D:8)
  An acid dragon (D:8)
  2 water moccasins
  10 orc warriors
  A black bear (D:5)
  2 ice beasts
  A sky beast (D:8)
  An ogre (D:5)
  2 centaurs
  A phantom (D:6)
  4 kobold brigands
  2 bullfrogs (D:7)
  A gnoll sergeant (D:8)
  A scorpion (D:4)
  8 wights (D:8)
  6 killer bees (D:7)
  A howler monkey (D:6)
  4 electric eels (Bailey)
  2 jellies
  4 orc priests
  4 hounds
  Crazy Yiuf (D:2)
  Natasha (D:2)
  3 iguanas
  8 orc wizards
  2 sleepcaps
  16 gnolls
  5 adders
  A shadow imp (D:6)
  An ufetubus (D:6)
  A worm (D:3)
  2 dart slugs
  19 orcs
  6 ball pythons
  5 bats
  3 endoplasms
  19 goblins
  12 hobgoblins
  7 jackals
  5 quokkas
  22 kobolds
  5 rats
209 creatures vanquished.

Vanquished Creatures (collateral kills)
  8 foxfires (D:3)
8 creatures vanquished.

Vanquished Creatures (others)
  An orc wizard (D:5)
  1086 foxfires
1087 creatures vanquished.

Grand Total: 1304 creatures vanquished

Table legend: (Time is in decaauts)
 A = Elapsed time spent in this place.
 B = Non-inter-level travel time spent in this place.
 C = Inter-level travel time spent in this place.
 D = Time resting spent in this place.
 E = Time spent auto-exploring this place.
 F = Levels seen in this place.
 G = Mean time per level.
                   A        B        C        D        E       F      G
               +--------+--------+--------+--------+--------+-----+--------+
         Total |   9670 |   9386 |    284 |    590 |   7037 |  10 |  967.0 |
       Dungeon |   8075 |   7799 |    276 |    418 |   6004 |   8 | 1009.4 |
        Temple |     24 |     16 |      8 |      0 |      4 |   1 |   24.0 |
        Bailey |   1570 |   1570 |      0 |    172 |   1029 |   1 | 1570.0 |
               +--------+--------+--------+--------+--------+-----+--------+

Top non-repeatable levels by time:
  Bailey: 1570 daAuts
     D:2: 1392 daAuts
     D:1: 1200 daAuts
     D:3: 1116 daAuts
     D:8: 1040 daAuts
     D:5: 1019 daAuts
     D:4: 1014 daAuts
     D:6: 972 daAuts
     D:7: 320 daAuts
  Temple: 24 daAuts

Table legend:
 A = Non-vault XP
 B = Vault XP
 C = Vault XP percentage of total XP
 D = Non-vault monster count
 E = Vault monster count
 F = Vault count percentage of total count
                 A         B        C        D         E       F
            +---------+---------+-------+---------+---------+-------
      Total |    5126 |    4221 |  45.2 |     160 |      49 |  23.4
            +---------+---------+-------+---------+---------+-------
        D:1 |      30 |       0 |   0.0 |      15 |       0 |   0.0
        D:2 |      94 |      77 |  45.0 |      19 |       2 |   9.5
        D:3 |      92 |     104 |  53.1 |      22 |       5 |  18.5
        D:4 |     437 |       0 |   0.0 |      19 |       0 |   0.0
        D:5 |     707 |       0 |   0.0 |      16 |       0 |   0.0
        D:6 |     671 |       0 |   0.0 |      19 |       0 |   0.0
        D:7 |     653 |     246 |  27.4 |      10 |       1 |   9.1
        D:8 |    2442 |       7 |   0.3 |      40 |       4 |   9.1
     Bailey |       0 |    3787 | 100.0 |       0 |      37 | 100.0
            +---------+---------+-------+---------+---------+-------
